 Dungeon Crawl Stone Soup version 0.16-a0-747-geaeaf20 (webtiles) character file.

326 RobertPalmer the Chiller (level 6, -22/36 HPs)
             Began as an Octopode Ice Elementalist on Sept 23, 2014.
             Annihilated by an ogre
             ... wielding a +0 giant club
              (23 damage)
             ... on Level 4 of the Dungeon.
             The game lasted 00:10:15 (5699 turns).

RobertPalmer the Chiller (OpIE)                     Turns: 5699, Time: 00:10:15

HP -22/36        AC  2     Str  9      XL: 6   Next: 49%
MP   5/10        EV 12     Int 17      God:
Gold 188         SH  0     Dex 14      Spells:  2 memorised,  5 levels left

rFire  . . .     SeeInvis .     a - +0 dagger (venom)
rCold  . . .     Clarity  .     (no shield)
rNeg   . . .     rCorr    .     (helmet restricted)
rPois  .         rRot     .     (no amulet)
rElec  .         Spirit   .     j - +1 ring of protection
SustAb .         Warding  .     o - +1 ring of strength
rMut   .         Stasis   .     (no ring)
Gourm  .                        (no ring)
MR     .....                    (no ring)
                                (no ring)
                                (no ring)
                                (no ring)

@: not resistant to hostile enchantments, stealthy
A: almost no armour, amphibious, 8 rings, constrict 8, camouflage 1, gelatinous
body 1
a: no special abilities


You were on level 4 of the Dungeon.
You were near starving.

You visited 1 branch of the dungeon, and saw 4 of its levels.

You collected 188 gold pieces.


Innate Abilities, Weirdness & Mutations

You cannot wear most types of armour.
You are amphibious.
You can wear up to eight rings at the same time.
You can use your tentacles to constrict many enemies at once.
Your skin changes colour to match your surroundings (Stealth).
Your rubbery body absorbs attacks (AC +1).


   Skills:
 - Level 2.0 Dodging
 + Level 3.9 Stealth
 - Level 2.0 Spellcasting
   Level 1.0 Conjurations
 - Level 6.8 Ice Magic


You had 5 spell levels left.
You knew the following spells:

 Your Spells              Type           Power        Failure   Level  Hunger
a - Ozocubu's Armour      Chrm/Ice       ##......     17%         3    ####...
z - Freeze                Ice            ###.         1%          1    #......

Inventory:

Hand weapons
 a - a +0 dagger of venom (weapon)
Missiles
 f - a javelin (quivered)
Comestibles
 q - a meat ration
 t - a beef jerky
 v - a bread ration
Scrolls
 d - 2 scrolls of enchant weapon {unknown}
 e - a scroll of magic mapping {unknown}
 n - a scroll of teleportation {unknown}
 p - a scroll of amnesia {unknown}
 r - 3 scrolls of remove curse
 s - 4 scrolls of random uselessness {unknown}
 w - a scroll of recharging {unknown}
Jewellery
 j - a +1 ring of protection (left tentacle)
 o - a +1 ring of strength (right tentacle)
Potions
 c - a potion of haste
 g - a potion of cancellation {unknown}
 h - a potion of curing {unknown}
 i - a potion of might {unknown}
 k - a potion of heal wounds {unknown}
 l - 2 potions of poison {unknown}
 m - a potion of degeneration {unknown}
 u - a potion of invisibility {unknown}
Books
 b - a book of Frost

Dungeon Overview and Level Annotations

Branches:
Dungeon (4/15)
 Temple: D:4-7

Altars:
Gozag
Makhleb
Nemelex Xobeh
Zin

Annotations:
D:3 Sneal's ghost, average NaDK

....#####.####.##...........#
#.........#########.#
####.....## #.# ##...## #.#
##.## #.# #.# ######.# #.#
#......### ##O## #.#.......
##.@.## #.#.###### ##.....##
#.#.# ##.......## #.#.####
#.........###......#
+.........'........#
#.........####...#.#
##.......## ##.##.# ##.....##
#... . ##...## ####. #


You could see an ogre.


Message History

Aiming: Freeze
Aim: an ogre, wielding a giant club You freeze the ogre.
The ogre is moderately wounded.
Aiming: Freeze
Aim: an ogre, wielding a giant club (moderately wounded)
You freeze the ogre.
The ogre is moderately wounded.
The ogre hits you with a giant club!!
Ouch! That really hurt!
* * * LOW HITPOINT WARNING * * *
Unknown command.
Aiming: Freeze
Aim: an ogre, wielding a giant club (moderately wounded)
You freeze the ogre.
The ogre is severely wounded.
The ogre hits you with a giant club!
* * * LOW HITPOINT WARNING * * *
Unknown command.
Aiming: Freeze
Aim: an ogre, wielding a giant club (severely wounded)
You freeze the ogre.
The ogre is severely wounded.
Aiming: Freeze
Aim: an ogre, wielding a giant club (severely wounded)
You freeze the ogre.
The ogre is almost dead.
The ogre hits you with a giant club!!
Ouch! That really hurt!
You die...

Action                   |  1- 3 |  4- 6 || total
-------------------------+-------+-------++-------
Melee: Unarmed           |    17 |       ||    17
       Dagger            |    53 |    88 ||   141
       Short sword       |     3 |       ||     3
Throw: Javelin           |     4 |    16 ||    20
 Cast: Freeze            |    21 |    41 ||    62
  Use: Scroll            |       |     3 ||     3
       Potion            |       |     1 ||     1
 Stab: Sleeping          |     6 |     1 ||     7
  Eat: Chunk             |     4 |     4 ||     8
       Bread ration      |       |     1 ||     1
       Pizza             |       |     1 ||     1

Vault maps used:
D:1:      minmay_arrival_split_and_join
D:2:      grunt_temple_overflow_gold_and_silver, nemelex_deck
D:3:      kennysheep_goblin_castle, lemuel_crystal_altar, serial_bayou_pond_e,
          uniq_iyjb
D:4:      lemuel_coloured_pillars_altar, first_bread

Notes
Turn   | Place    | Note
--------------------------------------------------------------
     0 | D:1      | RobertPalmer, the Octopode Ice Elementalist, began the quest for the Orb.
     0 | D:1      | Reached XP level 1. HP: 11/11 MP: 3/3
   456 | D:1      | Reached XP level 2. HP: 13/17 MP: 4/4
   983 | D:1      | Reached skill level 4 in Ice Magic
  1186 | D:1      | Reached XP level 3. HP: 21/21 MP: 4/6
  1194 | D:1      | Learned a level 3 spell: Ozocubu's Armour
  1619 | D:2      | Found a sparkling altar of Nemelex Xobeh.
  2280 | D:2      | Reached XP level 4. HP: 15/27 MP: 1/7
  2590 | D:2      | Found a glowing silver altar of Zin.
  2590 | D:2      | Found an opulent altar of Gozag.
  2737 | D:2      | Reached skill level 5 in Ice Magic
  3567 | D:1      | Reached XP level 5. HP: 16/31 MP: 7/9
  4782 | D:3      | Reached skill level 6 in Ice Magic
  4788 | D:3      | Noticed a water moccasin
  4796 | D:3      | Killed a water moccasin
  4796 | D:3      | Reached XP level 6. HP: 27/36 MP: 5/10
  4958 | D:3      | Noticed Ijyb
  4973 | D:3      | Killed Ijyb
  4973 | D:3      | Reached skill level 3 in Stealth
  5170 | D:3      | Found a burning altar of Makhleb.
  5228 | D:3      | Noticed Sneal's ghost (average NaDK)
  5697 | D:4      | HP: 1/36 [ogre/giant club (10)]
  5699 | D:4      | Annihilated by an ogre

Vanquished Creatures
  A water moccasin (D:3)
  An orc priest (D:3)
  Ijyb (D:3)
  2 gnolls (D:2)
  5 adders
  A giant mite (D:2)
  4 worms
  An ooze (D:3)
  3 orcs (D:3)
  2 bats
  2 giant cockroaches
  17 goblins
  7 hobgoblins
  5 jackals
  A quokka (D:2)
  A ball python (D:2)
  3 giant geckos
  3 giant newts
  10 kobolds
  9 rats
79 creatures vanquished.
